 Dungeon Crawl Stone Soup version 0.31-a0-255-g9c3d1c461a (webtiles) character file.

Game seed: 9617765690661195841

807 qw the Shooter (level 7, -16/43 HPs)
             Began as a Gargoyle Hexslinger on July 12, 2023.
             Demolished by an ogre
             ... wielding a +0 giant club
              (17 damage)
             ... on level 5 of the Dungeon.
             The game lasted 00:02:05 (3569 turns).

qw the Shooter (Gargoyle Hexslinger)                Turns: 3569, Time: 00:02:06

Health: -16/43     AC: 12    Str: 10    XL:     7   Next: 92%
Magic:  0/8        EV: 15    Int: 18    God:
Gold:   954        SH:  0    Dex: 13    Spells: 7/8 levels left

rFire   . . .        Y - +2 sling
rCold   . . .        (no shield)
rNeg    + . .        c - +0 ring mail
rPois   inf          (helmet restricted)
rElec   +            h - +0 cloak
rCorr   .            l - +0 pair of gloves
SInv    .            (no boots)
Will    .....        j - amulet of guardian spirit
Stlth   +            g - +5 ring of evasion
HPRegen 0.27/turn    (no ring)
MPRegen 0.11/turn

%: guardian spirit
@: about to teleport
A: sickness immunity, AC +4, negative energy resistance 1, electricity
resistance, torment resistance 1, petrification resistance, horns 1, clever 1,
MP-powered wands
a: no special abilities


You were on level 5 of the Dungeon.
You visited 1 branch of the dungeon, and saw 5 of its levels.
You also visited: Sewer.

You collected 1074 gold pieces.
You spent 120 gold pieces at shops.


Innate Abilities, Weirdness & Mutations

You are immune to sickness and miasma.
Your stone body is resilient. (AC +4)
You are immune to poison.
You resist negative energy. (rN+)
You are resistant to electric shocks. (rElec)
You are resistant to unholy torment.
You are immune to petrification.
You have a pair of small horns on your head.
Your mind is acute. (Int +4, Str/Dex -1)
You expend magic power (3 MP) to strengthen your wands.


   Skills:
 - Level 4.0 Fighting
 + Level 7.6 Ranged Weapons
 - Level 2.1 Armour
 - Level 1.5 Dodging
 - Level 1.0 Spellcasting
 - Level 2.6 Hexes


You had 7 spell levels left.
You knew the following spells:

 Your Spells              Type           Power      Damage    Failure   Level
a - Slow                  Hex            40%        N/A       17%         1

Your spell library contained the following spells:

 Spells                   Type           Power      Damage    Failure   Level
 Inner Flame              Hex/Fire       5%         N/A       65%         3
 Portal Projectile        Hex/Tloc       10%        N/A       65%         3
 Cause Fear               Hex            5%         N/A       86%         4

Inventory:

Hand Weapons
 Y - a +2 sling (weapon)
Armour
 c - a +0 ring mail (worn)
 h - a +0 cloak (worn)
 l - a +0 pair of gloves (worn)
Jewellery
 g - a +5 ring of evasion (left hand)
 j - an amulet of guardian spirit (around neck)
Scrolls
 a - 2 scrolls of identify
 o - a scroll of teleportation
Potions
 b - 3 potions of haste
 m - 2 potions of curing
 r - a potion of resistance

Dungeon Overview and Level Annotations

Branches:
Dungeon (5/15)             Temple (0/1) D:5           Sewer (visited)

Altars:
Fedhas
Kikubaaqudgha
Zin

Shops:
D:3 !

Annotations:
D:2 1 runed translucent door, Crazy Yiuf


Message History

You shoot a sling bullet.
The sling bullet closely misses the gnoll.
The sling bullet barely misses the gnoll.
The gnoll hits you from afar with a +0 halberd.
The orc misses you. The gnoll misses you.
You shoot a sling bullet.
The sling bullet barely misses the gnoll. x2
The gnoll hits you from afar with a +0 halberd!
The orc barely misses you.
The gnoll barely misses you. x2; The orc misses you.
The gnoll closely misses you. The gnoll barely misses you.
You shoot a sling bullet. The sling bullet hits the gnoll.
The gnoll is lightly wounded.
The gnoll hits you from afar with a +0 halberd.
The gnoll completely misses you. The orc completely misses you.
You shoot a sling bullet. The sling bullet hits the gnoll.
The gnoll is moderately wounded.
The gnoll completely misses you. The orc barely misses you.
The gnoll completely misses you.
You shoot a sling bullet. The sling bullet hits the ogre.
The ogre is lightly wounded.
The gnoll misses you. The orc barely misses you.
The gnoll hits you but does no damage.
You shoot a sling bullet. The sling bullet hits the ogre!
The ogre is moderately wounded.
The gnoll completely misses you. The orc hits you but does no damage.
The ogre barely misses you. The gnoll hits you but does no damage.
You shoot a sling bullet. The sling bullet hits the ogre.
The ogre is heavily wounded.
The gnoll closely misses you. The orc completely misses you.
The gnoll misses you. The ogre hits you with a +0 giant club!
3568 ||| READING 2 scrolls of teleportation.
As you read the scroll of teleportation, it crumbles to dust.
You feel strangely unstable. The gnoll misses you.
The orc hits you but does no damage.
The gnoll hits you from afar with a +0 halberd.
You shoot a sling bullet. The sling bullet hits the ogre.
The ogre is heavily wounded.
The gnoll barely misses you. The orc barely misses you.
The ogre hits you with a +0 giant club!
You die...

#....)...#
#.......###.
##.......##........
.. ###......#.....
##...........#
#...#.......###..
###.#.)..........
##.............
#...###.#......
##..# #@# .....
#### #oOg###..
.Ygg.# . ..#.....
... #.#...# ....
.##.## ..... .# .#
.....# .. .


You could see an ice beast, an ogre, 3 gnolls and an orc.

Vanquished Creatures
  Menkaure (D:4)
  A black bear (D:5)
  2 bullfrogs (Sewer)
  A howler monkey (D:5)
  A gnoll bouda (D:5)
  2 hounds (D:5)
  An iguana (D:5)
  2 orc wizards (D:5)
  3 gnolls (D:5)
  10 adders
  3 river rats (Sewer)
  4 dart slugs
  5 orcs
  17 ball pythons
  7 bats
  3 endoplasms
  4 giant cockroaches
  8 goblins
  10 hobgoblins
  4 quokkas
  5 frilled lizards
  6 kobolds
  31 rats
131 creatures vanquished.

Vanquished Creatures (others)
  A human (D:4)
1 creature vanquished.

Grand Total: 132 creatures vanquished

Notes
Turn   | Place    | Note
-------+----------+-------------------------------------------
     0 | D:1      | qw the Gargoyle Hexslinger began the quest for the Orb.
     0 | D:1      | Reached XP level 1. HP: 12/12 MP: 2/2
     0 | D:1      | 0 ||| qw: Version: 0.3-a-52-g30416fa
     0 | D:1      | 0 ||| qw: Game counter: 6668
     0 | D:1      | 0 ||| qw: Melee chars always use a shield: true
     0 | D:1      | 0 ||| qw: God list: Okawaru
     0 | D:1      | 0 ||| qw: Allow faded altars: false
     0 | D:1      | 0 ||| qw: Do Orc after clearing Dungeon:15 true
     0 | D:1      | 0 ||| qw: Do second Lair branch before Depths: true
     0 | D:1      | 0 ||| qw: Lair rune preference: random
     0 | D:1      | 0 ||| qw: Goals: Normal
     0 | D:1      | 0 ||| PLANNING D:1-11
   101 | D:1      | Reached XP level 2. HP: 16/16 MP: 3/3
   212 | D:1      | Reached skill level 3 in Ranged Weapons
   356 | D:1      | Reached XP level 3. HP: 21/21 MP: 4/4
   704 | D:1      | 704 ||| UPGRADING to +0 leather armour.
   714 | D:1      | 714 ||| DROPPING +0 robe.
   715 | D:1      | 715 ||| UPGRADING to amulet of guardian spirit.
   720 | D:1      | 720 ||| UPGRADING to +5 ring of evasion.
   721 | D:1      | 721 ||| READING scroll labelled JOYGYO XIRHOL.
   726 | D:1      | 726 ||| DROPPING scroll of poison.
  1084 | D:2      | Found a runed translucent door.
  1085 | D:2      | Noticed Crazy Yiuf
  1146 | D:2      | Reached XP level 4. HP: 26/26 MP: 5/5
  1182 | D:2      | Reached skill level 4 in Ranged Weapons
  1186 | D:2      | Found a blossoming altar of Fedhas.
  1382 | D:2      | 1382 ||| UPGRADING to +0 ring mail.
  1392 | D:2      | 1392 ||| DROPPING +0 leather armour.
  1393 | D:2      | 1393 ||| UPGRADING to +0 cloak.
  1398 | D:2      | 1398 ||| UPGRADING to +0 pair of gloves.
  1403 | D:2      | 1403 ||| READING scroll labelled RAPOW HOUKKU.
  1404 | D:2      | 1404 ||| READING scroll labelled ITHROTR MOIW.
  1405 | D:2      | 1405 ||| READING scroll labelled SUUG PUNOG.
  1454 | D:3      | 1454 ||| PLANNING SEWER
  1520 | D:3      | Identified the +3 short sword "Grim" {heavy, rElec Will-
                  | Dex+2}
  1554 | D:3      | Reached skill level 1 in Armour
  1801 | D:3      | Found Dyusk's Distillery.
  1806 | D:3      | 1806 ||| BUYING 2 potions of curing (60 gold).
  1806 | D:3      | Bought 2 potions of curing for 60 gold pieces
  1806 | D:3      | 1806 ||| BUYING potion of curing (30 gold).
  1806 | D:3      | Bought a potion of curing for 30 gold pieces
  1806 | D:3      | 1806 ||| BUYING potion of curing (30 gold).
  1806 | D:3      | Bought a potion of curing for 30 gold pieces
  1806 | D:3      | 1806 ||| SHOPLISTING potion of haste (100 gold, have 44).
  1806 | D:3      | 1806 ||| SHOPLISTING potion of mutation (80 gold, have 44).
  1831 | D:3      | Found a glowing silver altar of Zin.
  1954 | D:3      | Found a glowing drain.
  1955 | D:3      | 1955 ||| DROPPING ring of flight.
  1956 | D:3      | 1956 ||| READING scroll labelled BOOJAA LECAHIEM.
  1969 | D:3      | 1969 ||| DRINKING 3 inky potions.
  1970 | D:3      | 1970 ||| READING 2 scrolls of identify.
  1970 | D:3      | 1970 ||| IDENTIFYING bubbling purple potion
  1979 | Sewer    | Entered a sewer
  2008 | Sewer    | Reached XP level 5. HP: 25/30 MP: 3/6
  2110 | Sewer    | Reached skill level 5 in Ranged Weapons
  2156 | Sewer    | 2156 ||| Stepping ~*~*~tactically~*~*~ (water).
  2266 | Sewer    | 2266 ||| Stepping ~*~*~tactically~*~*~ (water).
  2281 | Sewer    | HP: 6/32 [bullfrog (6)]
  2282 | Sewer    | 2282 ||| READING 4 scrolls of teleportation.
  2283 | Sewer    | 2283 ||| DRINKING potion of heal wounds.
  2290 | Sewer    | Reached skill level 3 in Fighting
  2290 | Sewer    | Reached XP level 6. HP: 32/38 MP: 1/7
  2369 | Sewer    | 2369 ||| READING scroll labelled VALISTR FUFEFANT.
  2370 | Sewer    | 2370 ||| READING 4 scrolls labelled GOENUMN JOSKI.
  2371 | Sewer    | 2371 ||| READING scroll labelled PYAHOR ULENU.
  2372 | Sewer    | 2372 ||| READING scroll labelled YFOTYIB DUS.
  2372 | Sewer    | Identified a scroll of acquirement
  2372 | Sewer    | 2372 ||| ACQUIRING 826 gold pieces
  2372 | Sewer    | Acquired 826 gold pieces
  2374 | Sewer    | 2374 ||| DRINKING 3 fuming brown potions.
  2374 | Sewer    | Gained mutation: You are vulnerable to cold. (rC-) [potion
                  | of mutation]
  2374 | Sewer    | Gained mutation: You have sharp toenails. [potion of
                  | mutation]
  2375 | Sewer    | 2375 ||| DRINKING 2 potions of mutation.
  2375 | Sewer    | Lost mutation: You are vulnerable to cold. (rC-) [potion of
                  | mutation]
  2375 | Sewer    | Lost mutation: You have sharp toenails. [potion of
                  | mutation]
  2375 | Sewer    | Gained mutation: You occasionally lose the ability to read
                  | scrolls when taking damage. [potion of mutation]
  2375 | Sewer    | Gained mutation: You are somewhat resistant to further
                  | mutation. [potion of mutation]
  2376 | Sewer    | 2376 ||| DRINKING potion of mutation.
  2376 | Sewer    | Lost mutation: You occasionally lose the ability to read
                  | scrolls when taking damage. [potion of mutation]
  2376 | Sewer    | Lost mutation: You are somewhat resistant to further
                  | mutation. [potion of mutation]
  2376 | Sewer    | Gained mutation: You have a pair of small horns on your
                  | head. [potion of mutation]
  2376 | Sewer    | Gained mutation: You expend magic power (3 MP) to
                  | strengthen your wands. [potion of mutation]
  2376 | Sewer    | Gained mutation: Your mind is acute. (Int +4, Str/Dex -1)
                  | [potion of mutation]
  2377 | Sewer    | 2377 ||| DRINKING 2 orange potions.
  2378 | Sewer    | 2378 ||| DROPPING 3 scrolls of blinking.
  2382 | D:3      | 2382 ||| PLANNING D:1-11
  2682 | D:4      | Noticed Menkaure
  2693 | D:4      | Killed Menkaure
  2694 | D:4      | Reached skill level 6 in Ranged Weapons
  2694 | D:4      | Reached XP level 7. HP: 19/42 MP: 3/8
  2988 | D:4      | Found an ancient bone altar of Kikubaaqudgha.
  2993 | D:4      | Noticed a human
  2994 | D:4      | Killed a human
  3039 | D:4      | 3039 ||| DRINKING 2 glowing inky potions.
  3040 | D:4      | 3040 ||| DRINKING 2 emerald potions.
  3041 | D:4      | 3041 ||| DRINKING 5 potions of curing.
  3041 | D:4      | 3041 ||| (to cure confusion)
  3042 | D:4      | 3042 ||| DRINKING 2 purple potions.
  3146 | D:4      | 3146 ||| READING 2 scrolls of identify.
  3146 | D:4      | 3146 ||| IDENTIFYING viscous coppery potion
  3147 | D:4      | 3147 ||| DROPPING potion of brilliance.
  3148 | D:4      | 3148 ||| DROPPING potion of ambrosia.
  3149 | D:4      | 3149 ||| DROPPING potion of lignification.
  3150 | D:4      | 3150 ||| DROPPING potion of berserk rage.
  3154 | D:5      | Entered Level 5 of the Dungeon
  3154 | D:5      | Found a staircase to the Ecumenical Temple.
  3155 | D:5      | 3155 ||| PLANNING TEMPLE
  3155 | D:5      | 3155 ||| STAIRDANCE
  3183 | D:5      | HP: 5/43 [gnoll/+0 whip[a gnoll bouda] (7)]
  3184 | D:5      | 3184 ||| READING 4 scrolls of teleportation.
  3185 | D:5      | 3185 ||| DRINKING potion of heal wounds.
  3263 | D:5      | 3263 ||| Stepping ~*~*~tactically~*~*~ (outnumbered).
  3273 | D:5      | 3273 ||| DRINKING 4 potions of curing.
  3273 | D:5      | 3273 ||| (to cure confusion)
  3304 | D:5      | 3304 ||| DRINKING 3 potions of curing.
  3304 | D:5      | 3304 ||| (to cure confusion)
  3386 | D:5      | Reached skill level 7 in Ranged Weapons
  3393 | D:5      | HP: 10/43 [orc/+0 club (1)]
  3394 | D:5      | 3394 ||| READING 3 scrolls of teleportation.
  3567 | D:5      | HP: 4/43 [ogre/+0 giant club (11)]
  3568 | D:5      | 3568 ||| READING 2 scrolls of teleportation.
  3568 | D:5      | HP: 1/43 [gnoll/+0 halberd[a gnoll bouda] (4)]
  3569 | D:5      | Demolished by an ogre

Levels and vault maps discovered:
D:1:      wander_arrival_chamber, layout_loops_ring, corner_web_ring
D:2:      layout_rooms, basic_altar, minmay_heptomino_h4,
          uniq_crazy_yiuf_cottage
D:3:      layout_rooms, mainiacjoe_overflow_alcove_4, portal_sewer_entry_d,
          serial_shops, nicolae_shop_hallway_plus
D:4:      layout_loops_ring, tgw_kikubaaqudgha, uniq_menkaure
D:5:      layout_cave_pools, mainiacjoe_overflow_24_doors,
          minmay_temple_entry_drinking_statues

Skill      XL: |  1  2  3  4  5  6  7 |
---------------+----------------------+-----
Ranged Weapons | 3 4 5 6 7 |  7.6
Fighting       | 2 3 4 |  4.0
Armour         | 1 2 |  2.1
Dodging        | |  1.5
Spellcasting   | |  1.0
Hexes          | |  2.6

Action                     |  1- 3 |  4- 6 |  7- 9 || total
---------------------------+-------+-------+-------++-------
   Fire: Sling             |   141 |   263 |   156 ||   560
    Use: Scroll            |     1 |    10 |     4 ||    15
         Potion            |       |     6 |     7 ||    13
 Armour: Robe              |    19 |       |       ||    19
         Leather armour    |     7 |     1 |       ||     8
         Ring mail         |       |    83 |    98 ||   181
  Dodge: Dodged            |    46 |   225 |   209 ||   480

Table legend:
 A = Non-vault XP
 B = Vault XP
 C = Vault XP percentage of total XP
 D = Non-vault monster count
 E = Vault monster count
 F = Vault count percentage of total count
                 A         B        C        D         E       F
            +---------+---------+-------+---------+---------+-------
      Total |     654 |     499 |  43.3 |      84 |      47 |  35.9
            +---------+---------+-------+---------+---------+-------
        D:1 |      42 |       0 |   0.0 |      24 |       0 |   0.0
        D:2 |      55 |       3 |   5.2 |      18 |       3 |  14.3
        D:3 |      47 |      13 |  21.7 |      18 |       1 |   5.3
        D:4 |      31 |     172 |  84.7 |      10 |       1 |   9.1
        D:5 |     479 |       0 |   0.0 |      14 |       0 |   0.0
      Sewer |       0 |     311 | 100.0 |       0 |      42 | 100.0
            +---------+---------+-------+---------+---------+-------
